Map: Blackburn LE

Players

Vanya - Winner!

  • Race: Zerg Zerg

Lilbow

  • Race: Protoss Protoss

Event: DreamHack SC2 Masters 2021 Fall

VOD

Have the link to the VOD?

Description

Time

  • Played on: Aug. 8, 2021, 12:59 p.m.
  • Length: 18:17

All games in this series

Show
View Real Time Build Order
Export as new Build Order

Vanya Zerg - Winner!

Build Orders: Hatch First 

Get SALT Encoding   

  12  0:00  Drone  
  13  0:12  Overlord  
  13  0:17  Drone  
  14  0:31  Drone x2  
  16  0:41  Drone  
  17  0:52  Hatchery  
  17  0:56  Drone  
  17  0:59  Drone  
  18  1:09  Extractor  
  17  1:15  Spawning Pool  
  16  1:19  Drone  
  16  1:22  Drone  
  18  1:28  Drone  
  19  1:39  Drone  
  20  1:49  Overlord  
  20  2:01  Queen  
  20  2:03  Queen  
  20  2:04  Drone x2  
  26  2:11  Drone  
  26  2:13  Metabolic Boost  
  26  2:14  Drone  
  28  2:21  Drone  
  29  2:26  Drone  
  30  2:36  Hatchery  
  29  2:40  Zergling x2  
  29  2:41  Zergling x2  
  31  2:47  Queen  
  33  2:53  Overlord  
  33  2:56  Drone  
  34  3:01  Queen  
  36  3:05  Overlord  
  36  3:13  Drone x3  
  36  3:16  Drone  
  36  3:17  Overlord  
  40  3:21  Overlord  
  40  3:26  Drone x2  
  42  3:29  Drone x2  
  42  3:31  Drone  
  45  3:37  Drone  
  46  3:43  Drone x3  
  46  3:47  Zergling x2  
  46  3:48  Queen  
  50  3:50  Spore Crawler  
  50  3:51  Zergling x2  
  50  3:54  Drone x2  
  54  3:59  Drone  
  54  4:01  Spore Crawler  
  53  4:03  Drone x2  
  53  4:04  Drone  
  53  4:08  Queen  
  58  4:15  Overlord  
  58  4:17  Drone x3  
  58  4:22  Drone x3  
  64  4:31  Overlord  
  64  4:32  Roach Warren  
  64  4:36  Drone x4  
  63  4:40  Drone x2  
  63  4:42  Drone  
  63  4:43  Drone  
  67  4:48  Lair  
  67  4:52  Zergling x2  
  67  4:53  Drone x3  
  67  4:59  Extractor, Drone x2  
  74  5:00  Drone x3  
  74  5:01  Extractor  
  74  5:04  Overlord  
  74  5:05  Drone  
  74  5:11  Overlord  
  74  5:17  Extractor, Drone x6  
  74  5:18  Extractor  
  74  5:19  Overlord  
  78  5:23  Spore Crawler  
  77  5:29  Drone  
  77  5:30  Drone x6  
  77  5:32  Extractor  
  82  5:43  Drone x2  
  82  5:46  Hatchery  
  82  5:48  Glial Reconstitution, Spire  
  82  5:53  Zergling x12  
  82  5:56  Drone  
  89  6:02  Overlord  
  89  6:07  Overlord  
  89  6:16  Drone x9  
  89  6:18  Overlord x2  
  96  6:21  Overlord  
  96  6:27  Drone x2  
  98  6:33  Overlord  
  98  6:41  Extractor  
  98  6:44  Extractor  
  96  6:48  Hatchery  
  96  6:50  Drone x3  
  96  6:51  Drone  
  96  6:52  Evolution Chamber  
  97  6:59  Corruptor x7  
  111  7:04  Corruptor  
  111  7:05  Corruptor  
  111  7:08  Drone  
  116  7:13  Corruptor x2  
  120  7:17  Zerg Flyer Weapons Level 1  
  120  7:23  Zerg Missile Weapons Level 1, Overlord  
  120  7:28  Corruptor x3  
  126  7:33  Drone  
  127  7:37  Corruptor x3  
  133  7:50  Roach x9  
  151  7:56  Overlord  
  151  7:59  Corruptor x2  
  155  8:05  Drone  
  155  8:06  Spore Crawler  
  155  8:10  Corruptor x3  
  161  8:14  Overlord  
  161  8:22  Spore Crawler, Overlord x4  
  161  8:25  Ravager x5  
  161  8:26  Zergling x2  
  161  8:27  Zergling x6  
  169  8:29  Ravager  
  166  8:34  Corruptor  
  166  8:36  Corruptor  
  166  8:38  Zergling x10  
  174  8:52  Roach x2  
  174  8:53  Zergling x20, Roach  
  174  8:55  Ravager  
  178  9:00  Roach x3  
  178  9:01  Roach x3  
  190  9:06  Zergling x14  
  174  9:17  Roach x6  
  174  9:24  Roach x7  
  189  9:30  Corruptor x2  
  157  9:40  Queen x2  
  157  9:43  Zergling x2  
  157  9:44  Zergling x20  
  169  9:52  Roach  
  171  9:53  Roach x4  
  165  10:02  Corruptor  
  165  10:03  Corruptor x4  
  169  10:13  Corruptor  
  169  10:14  Corruptor x3  
  165  10:24  Drone  
  165  10:25  Extractor  
  165  10:26  Extractor, Zerg Flyer Armor Level 1  
  164  10:28  Corruptor x4  
  164  10:35  Drone x5  
  176  10:36  Drone  
  176  10:42  Ravager  
  179  10:43  Ravager  
  179  10:46  Zerg Melee Weapons Level 1  
  179  10:47  Corruptor x2  
  184  10:50  Overlord  
  184  10:56  Corruptor x2  
  186  11:01  Corruptor  
  190  11:06  Hatchery, Corruptor  
  183  11:13  Corruptor x2  
  185  11:18  Overlord  
  185  11:24  Corruptor  
  185  11:25  Corruptor x2  
  187  11:27  Queen x2  
  187  11:32  Overlord  
  191  11:35  Corruptor x3  
  186  11:53  Corruptor  
  186  11:54  Corruptor x4  
  167  11:57  Drone x2  
  173  12:05  Zergling x30  
  184  12:14  Corruptor  
  184  12:15  Corruptor x2  
  186  12:20  Zerg Flyer Weapons Level 2  
  184  12:32  Corruptor x6  
  184  12:37  Overlord  
  194  12:41  Corruptor x2  
  188  12:47  Corruptor x2  
  188  12:49  Zergling x12  
  175  13:04  Corruptor x4  
  164  13:13  Drone x2  
  164  13:15  Corruptor x3  
  172  13:22  Drone x2  
  172  13:23  Extractor  
  172  13:24  Extractor  
  172  13:31  Corruptor x5  
  172  13:38  Corruptor x2  
  156  13:53  Zergling x16  
  155  14:03  Corruptor x7  
  155  14:08  Corruptor x2  
  166  14:19  Corruptor x2  
  170  14:24  Corruptor x3  
  176  14:40  Corruptor x5  
  181  14:54  Infestation Pit  
  180  15:06  Zerg Flyer Armor Level 2  
  180  15:07  Corruptor x5  
  178  15:10  Drone x2  
  178  15:12  Overlord  
  180  15:14  Drone x2  
  180  15:15  Drone x3  
  180  15:18  Spore Crawler  
  180  15:19  Spore Crawler x2  
  180  15:20  Spore Crawler, Corruptor  
  180  15:21  Spore Crawler, Corruptor x2  
  182  15:36  Corruptor x5  
  182  15:42  Corruptor x2  
  176  15:50  Corruptor x3  
  176  15:55  Pathogen Glands  
  176  15:59  Zergling x16  
  178  16:04  Zergling x12  
  178  16:09  Zergling x10  
  167  16:26  Corruptor x6  
  167  16:31  Drone x3  
  180  16:36  Infestor x3  
  175  16:53  Corruptor x6  
  179  17:02  Hive  
  179  17:04  Zergling x18  
  182  17:09  Corruptor x2  
  178  17:30  Corruptor  
  178  17:31  Corruptor x7  
  184  17:53  Roach x7  
  184  17:54  Roach x2  
Show
View Real Time Build Order
Export as new Build Order

Lilbow Protoss 

Build Orders: 1 Gate Expand, Oracle Opening 

Get SALT Encoding   

  12  0:00  Probe  
  13  0:14  Pylon  
  13  0:17  Probe (Chrono Boost)  
  14  0:27  Probe (Chrono Boost)  
  15  0:32  Probe (Chrono Boost)  
  16  0:40  Gateway  
  16  0:43  Probe  
  16  0:49  Assimilator  
  17  0:55  Probe  
  18  1:08  Probe  
  18  1:20  Probe  
  19  1:27  Nexus  
  19  1:37  Cybernetics Core  
  19  1:40  Probe  
  19  1:45  Assimilator  
  20  1:52  Probe  
  21  1:55  Pylon  
  21  2:04  Probe (Chrono Boost)  
  22  2:11  Adept (Chrono Boost)  
  25  2:16  Probe (Chrono Boost)  
  25  2:21  Stargate, Probe (Chrono Boost)  
  26  2:30  Warp Gate  
  26  2:32  Probe (Chrono Boost)  
  26  2:34  Adept  
  29  2:39  Probe (Chrono Boost)  
  31  2:48  Probe (Chrono Boost)  
  31  2:49  Probe (Chrono Boost)  
  32  2:54  Probe (Chrono Boost)  
  32  2:55  Probe  
  32  2:56  Void Ray (Chrono Boost)  
  39  3:05  Probe  
  39  3:07  Probe  
  40  3:13  Pylon  
  40  3:17  Probe  
  40  3:19  Probe  
  42  3:22  Gateway  
  42  3:29  Probe  
  42  3:31  Probe  
  42  3:32  Oracle  
  47  3:42  Probe  
  47  3:43  Probe  
  49  3:52  Nexus  
  49  3:54  Probe  
  51  3:55  Probe  
  51  3:59  Pylon  
  51  4:06  Assimilator, Probe  
  51  4:07  Probe  
  53  4:10  Stargate  
  53  4:14  Assimilator  
  53  4:18  Probe  
  53  4:19  Probe  
  55  4:25  Robotics Facility  
  55  4:30  Probe  
  56  4:32  Probe  
  57  4:42  Pylon, Probe  
  57  4:44  Probe  
  59  4:46  Fleet Beacon  
  59  4:50  Shield Battery  
  59  4:54  Void Ray  
  59  4:55  Probe (Chrono Boost)  
  59  4:56  Probe (Chrono Boost)  
  61  5:02  Pylon  
  61  5:05  Probe (Chrono Boost)  
  61  5:06  Probe (Chrono Boost)  
  68  5:09  Probe (Chrono Boost)  
  70  5:14  Probe (Chrono Boost)  
  70  5:15  Probe (Chrono Boost)  
  70  5:17  Probe (Chrono Boost)  
  70  5:19  Probe (Chrono Boost), Robotics Bay  
  70  5:20  Void Ray  
  77  5:30  Probe x2 (Chrono Boost)  
  77  5:32  Assimilator  
  77  5:34  Probe (Chrono Boost)  
  79  5:36  Assimilator  
  79  5:39  Void Ray  
  79  5:41  Probe (Chrono Boost)  
  79  5:42  Forge  
  82  5:44  Probe (Chrono Boost)  
  82  5:45  Probe (Chrono Boost)  
  82  5:46  Probe (Chrono Boost)  
  87  5:52  Shield Battery, Probe  
  87  5:54  Probe  
  89  5:58  Probe  
  89  6:03  Pylon  
  90  6:07  Disruptor  
  93  6:15  Void Ray  
  93  6:21  Probe  
  98  6:25  Nexus, Photon Cannon  
  98  6:27  Pylon, Shield Battery  
  98  6:37  Pylon  
  98  6:39  Void Ray (Chrono Boost)  
  98  6:41  Pylon  
  98  6:43  Photon Cannon  
  98  6:44  Disruptor  
  105  6:52  Void Ray (Chrono Boost), Stargate  
  105  6:54  Probe  
  106  6:56  Photon Cannon  
  110  7:04  Pylon, Protoss Air Weapons Level 1  
  110  7:07  Photon Cannon  
  110  7:09  Photon Cannon  
  110  7:11  Photon Cannon  
  110  7:12  Shield Battery  
  110  7:19  Carrier (Chrono Boost)  
  116  7:27  Carrier (Chrono Boost)  
  122  7:33  Photon Cannon  
  122  7:38  Probe  
  122  7:39  Assimilator, Probe x2  
  122  7:42  Assimilator, Carrier (Chrono Boost), Probe  
  132  8:01  Photon Cannon  
  132  8:03  Photon Cannon x2  
  132  8:05  Photon Cannon  
  132  8:06  Shield Battery  
  132  8:07  Void Ray (Chrono Boost)  
  136  8:14  Void Ray (Chrono Boost)  
  136  8:16  Gateway  
  140  8:20  Pylon  
  140  8:21  Pylon  
  140  8:23  Gateway  
  140  8:31  Void Ray (Chrono Boost)  
  144  8:34  Void Ray (Chrono Boost)  
  142  8:42  Void Ray (Chrono Boost)  
  142  8:44  Photon Cannon  
  146  9:07  Void Ray (Chrono Boost), Stalker x2, Carrier (Chrono Boost)  
  160  9:18  Carrier (Chrono Boost)  
  139  9:32  Stalker  
  139  9:33  Stalker  
  128  9:42  Void Ray (Chrono Boost)  
  122  9:50  Photon Cannon  
  122  9:51  Stalker x2  
  122  9:57  Stalker x2  
  122  9:59  Void Ray (Chrono Boost)  
  109  10:13  Void Ray (Chrono Boost)  
  103  10:14  Stalker  
  103  10:15  Stalker  
  103  10:16  Void Ray (Chrono Boost)  
  113  10:27  Void Ray (Chrono Boost)  
  113  10:38  Probe  
  113  10:39  Probe x2  
  113  10:40  Void Ray (Chrono Boost)  
  113  10:42  Flux Vanes  
  120  10:43  Nexus  
  120  10:44  Protoss Air Weapons Level 2  
  124  10:50  Pylon, Probe  
  125  10:58  Void Ray (Chrono Boost)  
  125  10:59  Void Ray (Chrono Boost)  
  133  11:09  Void Ray (Chrono Boost)  
  125  11:16  Sentry, Zealot  
  133  11:19  Sentry  
  135  11:30  Probe  
  135  11:31  Pylon, Void Ray (Chrono Boost), Probe  
  137  11:33  Pylon  
  137  11:34  Assimilator  
  137  11:38  Assimilator, Void Ray (Chrono Boost)  
  141  11:46  Void Ray (Chrono Boost)  
  138  11:58  Void Ray (Chrono Boost)  
  142  12:16  Void Ray (Chrono Boost)  
  142  12:19  Photon Cannon x2, Void Ray (Chrono Boost)  
  141  12:24  Shield Battery  
  141  12:28  Void Ray (Chrono Boost)  
  144  12:43  Probe x3  
  143  12:44  Void Ray (Chrono Boost)  
  143  12:48  Void Ray (Chrono Boost)  
  143  12:56  Stargate  
  147  12:59  Stalker x4  
  147  13:02  Void Ray (Chrono Boost), Stargate  
  147  13:03  Probe  
  152  13:14  Void Ray (Chrono Boost)  
  152  13:26  Shield Battery  
  156  13:30  Photon Cannon  
  156  13:32  Protoss Air Weapons Level 3 (Chrono Boost)  
  154  13:34  Void Ray  
  154  13:35  Void Ray  
  154  13:41  Void Ray x2  
  150  13:48  Probe  
  159  13:50  Zealot  
  161  14:01  Void Ray  
  153  14:12  Void Ray x2  
  153  14:18  Nexus, Void Ray x2  
  153  14:20  Pylon  
  169  14:29  Pylon  
  169  14:38  Void Ray  
  173  14:47  Zealot x4  
  178  15:03  Nexus  
  178  15:05  Pylon  
  178  15:06  Void Ray  
  170  15:14  Void Ray  
  170  15:17  Void Ray x2  
  170  15:28  Pylon  
  178  15:31  Pylon  
  178  15:36  Void Ray (Chrono Boost)  
  164  15:43  Void Ray (Chrono Boost)  
  166  15:50  Void Ray (Chrono Boost)  
  166  15:51  Probe x2  
  167  15:59  Void Ray (Chrono Boost)  
  167  16:02  Void Ray (Chrono Boost)  
  163  16:16  Void Ray (Chrono Boost)  
  163  16:17  Void Ray (Chrono Boost)  
  157  16:20  Void Ray (Chrono Boost)  
  141  16:29  Void Ray  
  141  16:32  Void Ray  
  145  16:34  Probe x2  
  145  16:36  Photon Cannon  
  145  16:38  Photon Cannon x2  
  155  16:42  Zealot  
  155  16:43  Zealot x2  
  155  16:46  Void Ray  
  157  16:47  Pylon  
  157  16:49  Void Ray (Chrono Boost)  
  161  16:55  Void Ray (Chrono Boost)  
  165  17:06  Void Ray (Chrono Boost)  
  161  17:09  Void Ray (Chrono Boost)  
  165  17:15  Assimilator  
  165  17:19  Assimilator  
  165  17:22  Pylon  
  161  17:23  Void Ray (Chrono Boost)  
  153  17:33  Void Ray (Chrono Boost)  
  153  17:35  Void Ray (Chrono Boost)  
  153  17:47  Zealot x4  
  153  17:48  Probe  
  153  17:49  Probe  
  153  17:50  Probe  

Tags
 
Add a new tag
Caveats
  • Supply blocks, unpowered buildings, or Contaminate may cause inaccurate times.
  • Supply counts are checked every 10 seconds.